 Dungeon Crawl Stone Soup version 0.32-a0-938-g40ac7a0f4d (webtiles) character file.

Game seed: 14181336978894835073

184 uglyjohn the Ruffian (level 5, -2/42 HPs)
             Began as a Draconian Shapeshifter on Apr 15, 2024.
             Slain by an endoplasm (3 damage)
             ... in a sewer.
             The game lasted 00:04:31 (2083 turns).

uglyjohn the Ruffian (Draconian Shapeshifter)       Turns: 2083, Time: 00:04:32

Health: -2/42      AC: -6    Str: 17    XL:     5   Next: 36%
Magic:  5/5        EV: 11    Int: 12    God:
Gold:   81         SH:  0    Dex: 10    Spells: 4/4 levels left

rFire   . .          .
                       - Unarmed
rCold   . . .        (no shield)
rNeg    . . .        (body armour unavailable)
rPois   .            (helmet currently unavailable)
rElec   .            (cloak currently unavailable)
rCorr   .            (gloves currently unavailable)
SInv    +            (boots currently unavailable)
Will    .....        (no amulet)
Stlth   +            e - ring of see invisible
HPRegen 0.27/turn    (no ring)
MPRegen 0.09/turn

%: no passive effects
@: beast-form, corroded
A: beast (slay +2), AC +5, unfitting armour, cold-blooded
a: Begin Untransformation


You were in a sewer.
You were a hulking beast.
You visited 1 branch of the dungeon, and saw 3 of its levels.
You also visited: Sewer.

You collected 81 gold pieces.

Inventory:

Armour
 f - a +2 cloak of poison resistance
 m - a +0 pair of gloves
Jewellery
 e - a ring of see invisible (left hand)
Talismans
 b - a beast talisman (active)
 c - a flux talisman
Wands
 o - a wand of flame (13)
Scrolls
 i - a scroll of poison {unknown}
 k - a scroll of blinking {unknown}
 l - a scroll of fog {unknown}
 n - a scroll of identify {unknown}
Potions
 a - 2 potions of lignification
 d - 3 potions of curing
 g - a potion of might {unknown}
 h - a potion of attraction {unknown}
 j - a potion of degeneration {unknown}
 p - 2 potions of mutation {unknown}


   Skills:
 + Level 2.4 Fighting
 + Level 2.5 Dodging
 * Level 4.2 Unarmed Combat
 * Level 4.1 Shapeshifting


You had 4 spell levels left.
You didn't know any spells.
Your spell library contained the following spells:

 Spells                   Type           Power      Damage    Failure   Level
 Borgnjor's Vile Clutch   Necr/Erth      0%         N/A       100%        5
 Borgnjor's Revivificati  Necr           0%         N/A       100%        8


Dungeon Overview and Level Annotations

Branches:
Dungeon (3/15)              Sewer (1/1)

Altars:


Innate Abilities, Weirdness & Mutations

You are a hulking beast.
Your limbs bulge with bestial killing power. (Slay +2)
Your plain brown scales are hard. (AC +5)
You cannot fit into any form of body armour.
You are cold-blooded and may be slowed by cold attacks.


Message History

The jelly is almost dead.
The jelly hits you. The acid corrodes you!
You are splashed with acid!
The endoplasm hits you.
You are too injured to fight recklessly!
You are too injured to fight recklessly!
You are too injured to fight recklessly!
You hit the jelly but do no damage. The acid corrodes you!
Your hands burn!
The jelly is almost dead.
The jelly hits you.
* * * LOW HITPOINT WARNING * * *
You are splashed with acid.
* * * LOW HITPOINT WARNING * * *
The endoplasm hits you.
* * * LOW HITPOINT WARNING * * *
It was a potion of curing.
You feel better. The jelly closely misses you.
The endoplasm closely misses you.
You hit the jelly but do no damage.
Your hands burn!
* * * LOW HITPOINT WARNING * * *
The jelly is almost dead.
The jelly barely misses you. The endoplasm hits you.
* * * LOW HITPOINT WARNING * * *
Unknown command.
Unknown command.
You hit the jelly but do no damage.
Your hands burn!
* * * LOW HITPOINT WARNING * * *
The jelly is almost dead.
The jelly barely misses you. The endoplasm barely misses you.
Unknown command.
You feel better. The jelly barely misses you.
The endoplasm completely misses you.
You hit the jelly but do no damage.
Your hands burn!
* * * LOW HITPOINT WARNING * * *
You tail-slap the jelly, but do no damage.
The jelly is almost dead.
The jelly hits you.
* * * LOW HITPOINT WARNING * * *
The acid corrodes you!
You are splashed with acid!
* * * LOW HITPOINT WARNING * * *
The endoplasm hits you.
You die...

~~# ##.~.### ###†
...# ##†~†## ##
#..~###~~~~# #
#~~...†~.## #
###...~.~##
###########
#~..~.~.##
#~~.~~...~~
~~~...~.##
#~~.~~~...~
~.~.~#..~##
##~.########
##~..##~~h##.~##..#
#..~ ##†JJ~~.##..#
#~.
#..~.~###..########
#.. #~~####
#...~†.~..~ ...#
#....~.~... ~~..#
########### ~~~.##
##~~## #~.


You could see a jelly and an endoplasm.

Vanquished Creatures
  Crazy Yiuf (D:2)
  A jelly (Sewer)
  4 adders
  A ribbon worm (D:3)
  5 dart slugs
  5 ball pythons
  13 endoplasms
  6 giant cockroaches
  7 hobgoblins
  2 jackals (D:1)
  A quokka (D:1)
  2 bats (D:2)
  6 frilled lizards
  6 goblins
  9 kobolds
  12 rats
81 creatures vanquished.

Notes
Turn   | Place    | Note
-------+----------+-------------------------------------------
     0 | D:1      | uglyjohn the Draconian Shapeshifter began the quest for the
                  | Orb.
     0 | D:1      | Reached XP level 1. HP: 16/16 MP: 1/1
   114 | D:1      | Reached XP level 2. HP: 19/23 MP: 2/2
   411 | D:1      | Reached XP level 3. HP: 25/28 MP: 3/3
   817 | D:2      | Found a runed translucent door.
   818 | D:2      | Noticed Crazy Yiuf
  1021 | D:2      | Reached XP level 4. HP: 36/36 MP: 4/4
  1535 | D:2      | Got the Papyrus of Love and Death
  1660 | D:2      | Killed Crazy Yiuf
  1924 | D:3      | Found a glowing drain.
  1928 | Sewer    | Entered a sewer
  2000 | Sewer    | Reached XP level 5. HP: 41/41 MP: 5/5
  2083 | Sewer    | HP: 1/42 [acid (7)]
  2083 | Sewer    | Slain by an endoplasm

Illustrated notes

Levels and vault maps discovered:
D:1:      tarquinn_simple_flora_water_a, layout_loops_ring, minivault_4,
          grunt_decor_mini_mirrors
D:2:      layout_loops_corners, minmay_vboxes, uniq_crazy_yiuf_cottage
D:3:      layout_loops_ring, gup_sewer_entry_bowl, kennysheep_cluttered_room,
          minmay_puff
Sewer:    sewer_hellmonk_slimy_pipes

Skill      XL: |  1  2  3  4 |
---------------+-------------+-----
Dodging        | 2 |  2.5
Fighting       | 2 |  2.4
Unarmed Combat | 4 |  4.2
Shapeshifting  | 4 |  4.1

Action                     |  1- 3 |  4- 6 || total
---------------------------+-------+-------++-------
  Melee: Unarmed           |    96 |   107 ||   203
         Tailslap          |    13 |    11 ||    24
         Punch             |       |     1 ||     1
    Use: Scroll            |       |     1 ||     1
         Potion            |       |     2 ||     2
 Armour: Skin              |    41 |    41 ||    82
  Dodge: Dodged            |    51 |    64 ||   115

Table legend: (Time is in decaauts)
 A = Elapsed time spent in this place.
 B = Non-inter-level travel time spent in this place.
 C = Inter-level travel time spent in this place.
 D = Time resting spent in this place.
 E = Time spent auto-exploring this place.
 F = Levels seen in this place.
 G = Mean time per level.
                   A        B        C        D        E       F      G
               +--------+--------+--------+--------+--------+-----+--------+
         Total |   2087 |   2030 |     57 |     60 |   1468 |   4 |  521.8 |
       Dungeon |   1925 |   1868 |     57 |     60 |   1403 |   3 |  641.7 |
         Sewer |    162 |    162 |      0 |      0 |     65 |   1 |  162.0 |
               +--------+--------+--------+--------+--------+-----+--------+

Top non-repeatable levels by time:
     D:2: 1072 daAuts
     D:1: 717 daAuts
   Sewer: 162 daAuts
     D:3: 134 daAuts
